 Dungeon Crawl Stone Soup version 0.30-a0-137-gd8773701ce (webtiles) character file.

Game seed: 1276819494748747314

103 themarg the Digger (level 4, -2/24 HPs)
             Began as a Gargoyle Earth Elementalist on Sept 22, 2022.
             Slain by a scorpion (6 damage)
             ... on level 4 of the Dungeon.
             The game lasted 00:11:26 (3767 turns).

themarg the Digger (Gargoyle Earth Elementalist)    Turns: 3767, Time: 00:11:27

Health: -2/24      AC:  5    Str: 12    XL:     4   Next: 79%
Magic:  2/8        EV: 11    Int: 17    God:
Gold:   178        SH:  5    Dex: 10    Spells: 6/9 levels left

rFire   . . .      SeeInvis .    e - +2 short sword (freeze)
rCold   . . .      Faith    .    (no shield)
rNeg    + . .      Spirit   .    a - +0 robe
rPois   ∞          Reflect  +    (no helmet)
rElec   +          Harm     .    (no cloak)
rCorr   .          Rampage  .    (no gloves)
Will    .....                    (no boots)
Stlth   ++........               k - amulet of reflection
HPRegen 0.08/turn                (no ring)
MPRegen 0.11/turn                (no ring)

@: no status effects
A: sickness immunity, AC +3, negative energy resistance 1, electricity
resistance, torment resistance 1, petrification resistance
a: no special abilities


You were on level 4 of the Dungeon.
You visited 1 branch of the dungeon, and saw 4 of its levels.

You collected 178 gold pieces.

Inventory:

Hand Weapons
 c - a +0 dagger
 e - a +2 short sword of freezing (weapon)
Missiles
 g - 5 curare-tipped darts
 i - a throwing net
 l - 4 atropa-tipped darts
Armour
 a - a +0 robe (worn)
Jewellery
 k - an amulet of reflection (around neck)
Scrolls
 d - 2 scrolls of teleportation {unknown}
 f - 9 scrolls of identify {unknown}
 j - 2 scrolls of magic mapping {unknown}
 m - a scroll of butterflies {unknown}
 o - a scroll of enchant weapon {unknown}
Potions
 b - a potion of magic
 h - a potion of ambrosia {unknown}
 n - 2 potions of attraction {unknown}


   Skills:
 - Level 0.2 Short Blades
 - Level 1.5 Dodging
 + Level 2.6 Stealth
 + Level 3.1 Spellcasting
 + Level 0.7 Transmutations
 + Level 5.2 Earth Magic


You had 6 spell levels left.
You knew the following spells:

 Your Spells              Type           Power      Damage    Failure   Level
a - Sandblast             Erth           40%        2d10      1%          1
b - Passwall              Tmut/Erth      10%        N/A       8%          2

Your spell library contained the following spells:

 Spells                   Type           Power      Damage    Failure   Level
 Apportation              Tloc           4%         N/A       17%         1
 Stone Arrow              Conj/Erth      22%        3d8       17%         3
 Blink                    Tloc           4%         N/A       26%         2
 Confusing Touch          Hex            2%         N/A       45%         3
 Kindle Blastsparks       Fire/Tloc/Air  4%         2d10      45%         3
 Petrify                  Tmut/Erth      12%        N/A       45%         4
 Lee's Rapid Deconstruct  Erth           10%        3d9*      50%         5
 Fulminant Prism          Conj/Hex       1%         3d6       86%         4
 Iskenderun's Mystic Bla  Conj/Tloc      2%         2d3       86%         4
 Manifold Assault         Tloc           2%         N/A       86%         4
 Alistair's Intoxication  Tmut/Pois      2%         N/A       99%         5
 Yara's Violent Unravell  Hex/Tmut       1%         3d3       99%         5
 Enfeeble                 Hex            1%         N/A       100%        7
 Storm Form               Tmut/Air       1%         N/A       100%        7


Dungeon Overview and Level Annotations

Branches:
Dungeon (4/15)
 Temple: D:4-7

Altars:

Annotations:
D:3 Ijyb


Innate Abilities, Weirdness & Mutations

You are immune to sickness and miasma.
Your stone body is resilient. (AC +3)
You are immune to poison.
You resist negative energy. (rN+)
You are resistant to electric shocks. (rElec)
You are resistant to unholy torment.
You are immune to petrification.


Message History

The blast of sand hits the scorpion but does no damage.
The scorpion is severely wounded.
The scorpion stings you.
Casting: Sandblast (safe; 1% risk of failure)
Confirm with . or Enter, or press ? or * to list all spells.
Aiming: Sandblast (safe; 1% risk of failure)
Press: ? - help, Shift-Dir - straight line, f/p - scorpion
Aim: a scorpion (severely wounded, 83% to hit)
The blast of sand misses the scorpion.
The scorpion stings you. x2
Casting: Sandblast (safe; 1% risk of failure)
Confirm with . or Enter, or press ? or * to list all spells.
Aiming: Sandblast (safe; 1% risk of failure)
Press: ? - help, Shift-Dir - straight line, f/p - scorpion
Aim: a scorpion (severely wounded, 83% to hit)
The blast of sand hits the scorpion but does no damage.
The scorpion is severely wounded.
The scorpion barely misses you. You block the scorpion's attack.
Casting: Sandblast (safe; 1% risk of failure)
Confirm with . or Enter, or press ? or * to list all spells.
Aiming: Sandblast (safe; 1% risk of failure)
Press: ? - help, Shift-Dir - straight line, f/p - scorpion
Aim: a scorpion (severely wounded, 83% to hit)
The blast of sand hits the scorpion but does no damage.
The scorpion is severely wounded.
The scorpion stings you. x2
You barely miss the scorpion.
The scorpion is severely wounded.
The scorpion stings you.
* * * LOW HITPOINT WARNING * * *
You hit the scorpion but do no damage.
The scorpion is severely wounded.
The scorpion stings you.
* * * LOW HITPOINT WARNING * * *
You hit the scorpion but do no damage.
The scorpion is severely wounded.
The scorpion closely misses you.
You closely miss the scorpion.
The scorpion is severely wounded.
The scorpion stings you.
You die...

##.## #...#
..... ...
... #.# #s#
##@##
##...##
##.....##
##.......##
#.........#
+.........+
#.....†...#
##.......##
##.....##


You could see a scorpion.

Vanquished Creatures
  An orc wizard (D:3)
  An adder (D:2)
  An ufetubus (D:4)
  2 worms
  4 orcs (D:3)
  6 endoplasms
  2 giant cockroaches
  2 goblins
  4 hobgoblins
  5 jackals (D:2)
  6 kobolds
  6 ball pythons
  7 bats
  A frilled lizard (D:3)
  4 rats
52 creatures vanquished.

Notes
Turn   | Place    | Note
-------+----------+-------------------------------------------
     0 | D:1      | themarg the Gargoyle Earth Elementalist began the quest for
                  | the Orb.
     0 | D:1      | Reached XP level 1. HP: 10/10 MP: 3/3
   402 | D:1      | Reached skill level 4 in Earth Magic
   402 | D:1      | Reached XP level 2. HP: 13/15 MP: 1/5
   959 | D:1      | Found a faded altar of an unknown god.
  1666 | D:2      | Reached XP level 3. HP: 19/19 MP: 4/6
  2577 | D:3      | Learned a level 2 spell: Passwall
  2648 | D:3      | Noticed Ijyb
  2891 | D:3      | Reached XP level 4. HP: 24/24 MP: 6/8
  2950 | D:3      | Reached skill level 5 in Earth Magic
  3756 | D:4      | Noticed a scorpion
  3767 | D:4      | Slain by a scorpion

Illustrated notes

Levels and vault maps discovered:
D:1:      lemuel_arrival_river_ford, layout_basic, basic_ecumenical_altar,
          st_stairs_2, minivault_14, minmay_misc_feat_alley, chequers_garden
D:2:      layout_basic, skrybe_limestone_x
D:3:      layout_basic, minmay_stone_trees_medium, uniq_ijyb
D:4:      layout_loops_corners

Skill      XL: |  1  2  3  4 |
---------------+-------------+-----
Earth Magic    | 4 5 |  5.2
Spellcasting   | 3 |  3.1
Short Blades   | |  0.2
Dodging        | |  1.5
Stealth        | |  2.6
Transmutations | |  0.7

Action                   |  1- 3 |  4- 6 || total
-------------------------+-------+-------++-------
Melee: Dagger            |     3 |       ||     3
       Short sword       |    10 |    13 ||    23
 Cast: Sandblast         |    60 |    20 ||    80
Armor: Robe              |    15 |     3 ||    18
Dodge: Dodged            |    19 |     5 ||    24
Block: Other             |       |     1 ||     1

Table legend: (Time is in decaauts)
 A = Elapsed time spent in this place.
 B = Non-inter-level travel time spent in this place.
 C = Inter-level travel time spent in this place.
 D = Time resting spent in this place.
 E = Time spent auto-exploring this place.
 F = Levels seen in this place.
 G = Mean time per level.
                   A        B        C        D        E       F      G
               +--------+--------+--------+--------+--------+-----+--------+
         Total |   3810 |   3737 |     73 |    969 |   2413 |   4 |  952.5 |
       Dungeon |   3810 |   3737 |     73 |    969 |   2413 |   4 |  952.5 |
               +--------+--------+--------+--------+--------+-----+--------+

Top non-repeatable levels by time:
     D:3: 1389 daAuts
     D:1: 1246 daAuts
     D:2: 1087 daAuts
     D:4: 87 daAuts
